 Dungeon Crawl Stone Soup version 0.19-a0-36-g4a0968a (webtiles) character file.

282155 AlphabetPasta the Bludgeoner (level 19, -6/197 HPs)
             Began as a Troll Monk on May 3, 2016.
             Was the Champion of Trog.
             Killed from afar by Mara (illusionary) (42 damage)
             ... with a bolt of fire
             ... on level 3 of the Vaults.
             The game lasted 04:26:18 (40145 turns).

AlphabetPasta the Bludgeoner (Troll Monk)          Turns: 40145, Time: 04:26:19

Health: -6/197     AC: 21    Str: 35    XL:     19   Next: 72%
Magic:  0/24       EV: 20    Int:  8    God:    Trog [******]
Gold:   5313       SH:  0    Dex: 17    Spells: 0 memorised, 18 levels left

rFire  . . .     SeeInvis .     T - +5 giant spiked club "Ypiulu Lago" {flame, rPois rF+ Int+2}
rCold  + + .     Gourm    +     Z - +0 ice dragon armour
rNeg   . . .     Faith    .     (shield currently unavailable)
rPois  +         Spirit   +     C - +2 hat
rElec  .         Dismiss  .     w - +1 cloak
rCorr  .         Reflect  .     (gloves unavailable)
SustAt .         Harm     .     (boots unavailable)
MR     ++++.                    f - amulet of guardian spirit
Stlth  +.........               A - +4 ring of slaying
                                l - ring of protection from magic

@: mighty, agile, very slightly contaminated, regenerating, incredibly resistant
to hostile enchantments, very unstealthy
A: unfitting armour, claws 3, fast metabolism 3, gourmand, regeneration 2,
shaggy fur 1, tough skin 2, wild magic 1
a: Berserk, Trog's Hand, Brothers in Arms, Burn Spellbooks, Renounce Religion
}: 2/15 runes: decaying, gossamer


You were on level 3 of the Vaults.
You worshipped Trog.
Trog was exalted by your worship.
You were very full.

You visited 6 branches of the dungeon, and saw 36 of its levels.
You also visited: Labyrinth, Bailey and Ice Cave.

You collected 5679 gold pieces.
You spent 366 gold pieces at shops.

Inventory:

Hand Weapons
 h - the +10 giant club "Nanwim" {venom, MP-9 Str+7}
   (Trog gifted it to you on level 4 of the Spider Nest)

   It poisons the flesh of those it strikes.
   It affects your strength (+7).
   It affects your magic capacity (-9).
 r - the +5 giant club of Duicudad {holy, rC+ rN++}
   (Trog gifted it to you in an ice cave)

   It has been blessed by the Shining One to cause great damage to the undead
   and demons.
   It protects you from cold.
   It greatly protects you from negative energy.
 x - the +5 giant spiked club "Saskanin" {crush, *Rage +Inv rElec}
   (Trog gifted it to you on level 6 of the Lair of Beasts)

   It inflicts extra damage upon your enemies.
   It insulates you from electricity.
   It lets you turn invisible.
   It may make you go berserk in combat.
 T - the +5 giant spiked club "Ypiulu Lago" (weapon) {flame, rPois rF+ Int+2}
   (Trog gifted it to you on level 8 of the Lair of Beasts)

   It has been specially enchanted to burn those struck by it, causing extra
   injury to most foes and up to half again as much damage against particularly
   susceptible opponents.
   It affects your intelligence (+2).
   It protects you from fire.
   It protects you from poison.
Missiles
 u - 36 large rocks (quivered)
Armour
 w - a +1 cloak (worn)
 C - a +2 hat (worn)
 Z - a +0 ice dragon armour (worn)
Jewellery
 f - an amulet of guardian spirit (around neck)
 i - an uncursed ring of see invisible
 l - a ring of protection from magic (left claw)
 s - an uncursed ring of protection from fire
 A - a +4 ring of slaying (right claw)
 L - a +5 ring of protection
 S - an uncursed ring of resist corrosion
Wands
 k - a wand of heal wounds (2/9)
 o - a wand of iceblast (2/15)
 p - a wand of lightning (7/15)
 t - a wand of teleportation (6/9)
 G - a wand of acid (1/15)
 H - a wand of digging (6/24)
 I - a wand of acid (8/15)
 J - a wand of flame (12/48)
 K - a wand of iceblast (5/15)
Scrolls
 d - 2 scrolls of recharging
 e - 9 scrolls of teleportation
 j - 3 scrolls of fear
 v - 3 scrolls of fog
 y - a scroll of silence
 B - a scroll of holy word
 D - 11 scrolls of identify
 N - 16 scrolls of remove curse
 Q - 3 scrolls of enchant armour
 U - a scroll of blinking
 X - a scroll of magic mapping
Potions
 a - 2 potions of cancellation
 m - 2 potions of agility
 n - 3 potions of might
 z - 4 potions of curing
 F - 4 potions of flight
 P - a potion of resistance
Miscellaneous
 O - a phial of floods
 R - a lamp of fire
 V - a stone of tremors
 W - a fan of gales
 Y - a box of beasts
Comestibles
 b - 17 bread rations
 c - a chunk of flesh
 q - 13 beef jerkies
 E - 14 meat rations
 M - 5 slices of pizza


   Skills:
 + Level 14.2 Fighting
 * Level 20.5 Maces & Flails
 - Level 8.0 Throwing
 + Level 11.5 Armour
 - Level 10.4 Dodging
 - Level 1.1 Stealth
 - Level 4.3 Unarmed Combat
 - Level 8.1 Evocations


You had 18 spell levels left.
You didn't know any spells.

Dungeon Overview and Level Annotations

Branches:
Dungeon (15/15)            Temple (0/1) D:6            Lair (8/8) D:8
  Swamp (4/4) Lair:5       Spider (4/4) Lair:4        Slime (0/6) Lair:7
    Orc (2/2) D:10            Elf (0/3) Orc:2        Vaults (3/5) D:14
  Crypt (0/3) Vaults:2     Depths (0/5) D:15

Altars:
Cheibriados
Dithmenos
Fedhas
Gozag
Kikubaaqudgha
Makhleb
Pakellas
Qazlal
Ru
Sif Muna
Trog
Vehumet
Xom
Yredelemnul
Zin
Beogh

Shops:
D:4 %   D:12 *   Orc:2 ??:[   Vaults:2 [**(

Annotations:
Vaults:3 Mara


Innate Abilities, Weirdness & Mutations

You are too large for most types of armour.
You have claws for hands.
Your metabolism is lightning-fast.
You like to eat raw meat.
You heal very quickly.
You are covered in fur (AC +1).
You have very tough skin (AC +2).
Your spells are a little harder to cast, but a little more powerful.


Message History

You throw a large rock. The large rock hits Mara!
Mara is heavily wounded.
Your hill giant hits Mara with a giant club!!
Mara blinks!
Throwing (i - inventory):
u - 37 large rocks (quivered)
Press: ? - help, Shift-Dir - straight line, f/p - Mara
Aim: Mara, wielding a demon whip of flaming and wearing an embroidered robe (heavily wounded)
You throw a large rock. The large rock hits Mara!
Mara is heavily wounded.
Your hill giant rages.
Mara hits you with a demon whip of flaming!
* * * LOW HITPOINT WARNING * * *
Mara burns you.
* * * LOW HITPOINT WARNING * * *
You flatten Mara like a pancake!!! You burn Mara.
Mara is severely wounded.
The slime creature hits your hill giant.
Mara gestures at you. The bolt of fire hits you!
You die...

#....# #. #....# #. #....# #.
#....# #.
###....#########################.
.......([...(....................
.............[.())............R..
..........).....R.C..(...O)C)....
................@.@J...R.R)...(((
#########'#########O############(
#........# #.......# #.
#........# #.......# #.
#........# #.......# #.
#........# #.......# #.
#........# #.......# #.
#....[<..# #.......# . ##
#........# #########


You could see 2 Maras, a slime creature, an ogre, AlphabetPasta's illusion and a
friendly hill giant (berserk).

Vanquished Creatures
  Norris (D:14)
  2 sphinxes (Vaults:2)
  2 thorn hunters (Swamp:4)
  A tengu reaver (Vaults:1)
  Donald (D:13)
  A frost giant (IceCv)
  3 emperor scorpions (Spider:4)
  6 ghost moths
  6 vault wardens
  8 ironheart preservers
  4 stone giants
  A very ugly thing (Vaults:1)
  Azrael (D:13)
  A spark wasp (Spider:4)
  Snorg (Lair:4)
  A minotaur (Lab)
  2 ettins
  3 vault guards (Vaults:3)
  A fire dragon (Vaults:3)
  3 great orbs of eyes
  An entropy weaver (Spider:1)
  4 ice dragons
  18 hydras
  6 yaktaur captains
  6 centaur warriors
  4 ghost crabs
  A death knight (Vaults:2)
  10 alligators
  Erica (D:9)
  2 deep troll shamans
  7 ogre magi
  A tengu warrior (D:13)
  A queen ant (Lair:8)
  A deep troll earth mage (Vaults:3)
  11 death yaks
  3 orc high priests (Orc:2)
  Urug (D:13)
  6 deep elf knights
  3 fire crabs
  A fire crab (shapeshifter) (Vaults:1)
  5 deep trolls
  2 skeletal warriors (Vaults:2)
  A spriggan druid (Swamp:4)
  3 unseen horrors
  A flayed ghost (Vaults:2)
  A giant orange brain (Vaults:2)
  2 deep elf archers
  4 shambling mangroves
  2 phantasmal warriors (Vaults:2)
  A lindwurm (Lair:6)
  12 hill giants
  11 swamp dragons
  11 orc knights
  9 ironbrand convokers
  19 orb spiders
  The ghost of Hometown the Cleaver, a novice MiGl of Trog (Bailey)
  38 wolf spiders
  6 cyclopes
  4 orc sorcerers (Orc:2)
  6 hornets
  An oklob plant (D:14)
  8 deep elf magi
  A moth of wrath (Spider:2)
  A manticore (shapeshifter) (Vaults:3)
  3 griffons
  10 ugly things (Vaults:1)
  2 manticores
  An octopode (shapeshifter) (Vaults:1)
  9 elephants
  An ice statue (IceCv)
  9 vault sentinels
  The ghost of Steelers13 the Chopper, a novice MiBe of Trog (D:6)
  2 centaur zombies
  5 black mambas
  3 torpor snails
  23 spiny frogs
  4 gargoyles
  A rime drake (shapeshifter) (Vaults:2)
  12 komodo dragons
  8 yaktaurs
  4 freezing wraiths
  3 rime drakes
  14 demonic crawlers
  5 giant leeches
  6 trolls
  44 jumping spiders
  19 polar bears
  14 blink frogs
  11 two-headed ogres
  A hornet zombie (D:14)
  7 boulder beetles
  19 slime creatures
  6 bog bodies
  39 tarantellas
  A salamander simulacrum (Vaults:1)
  5 spriggans
  4 shadows
  81 redbacks
  4 wyverns
  2 wraiths (Vaults:1)
  69 yaks
  15 humans
  2 yaks (shapeshifter)
  2 fire elementals (D:13)
  3 hungry ghosts
  6 basilisks
  15 hippogriffs
  A hog (shapeshifter) (D:13)
  Eustachio (D:6)
  A basilisk (shapeshifter) (Vaults:2)
  39 vampire mosquitoes
  20 swamp worms
  5 mottled dragons
  8 wargs
  2 hell hounds (D:13)
  12 soldier ants (Lair:8)
  15 porcupines
  15 water moccasins
  18 swamp drakes
  A black bear (D:5)
  A black bear (shapeshifter) (D:13)
  5 ice beasts
  30 orc warriors
  2 phantoms
  7 wasps
  30 ogres
  2 sky beasts
  37 wolves
  23 centaurs
  20 crocodiles
  Blork the orc (D:4)
  A gnoll sergeant (Orc:1)
  32 giant frogs
  A wyvern zombie (D:14)
  2 deep troll simulacra
  2 scorpions
  3 spriggan skeletons (D:12)
  A howler monkey (D:5)
  A troll skeleton (D:12)
  4 electric eels (Lair:8)
  10 crimson imps
  A quasit (D:10)
  A yaktaur simulacrum (Vaults:1)
  A gnoll shaman (D:6)
  17 orc priests
  5 hounds
  21 jellies
  26 orc wizards
  3 giant frog skeletons
  13 iguanas
  Jessica (D:2)
  8 centaur skeletons
  Natasha (thrice) (D:2)
  50 worker ants
  29 sheep
  A hound zombie (D:8)
  Robin (D:1)
  13 gnolls
  18 adders
  42 river rats
  4 shadow imps
  An ooze (D:2)
  An adder zombie (D:9)
  An adder skeleton (D:6)
  A worm (D:3)
  2 dart slugs (D:2)
  6 giant geckos
  87 orcs
  4 giant cockroaches
  17 goblins
  12 hobgoblins
  17 jackals
  17 kobolds
  8 quokkas
  3 ball pythons
  6 bats
  A giant cockroach zombie (D:1)
  4 giant newts
  A quokka zombie (D:1)
  6 rats
  A fungus (D:8)
  2 plants (Lair:2)
1591 creatures vanquished.

Vanquished Creatures (collateral kills)
  Asterion (Vaults:2)
  A yaktaur captain (Vaults:1)
  4 skeletal warriors (Vaults:2)
  An unseen horror (shapeshifter) (Vaults:3)
  An orc knight (Vaults:1)
  A yaktaur (Vaults:1)
  2 two-headed ogres (Vaults:3)
  A tarantella (Vaults:3)
  2 redbacks (Vaults:3)
  A basilisk (Lair:2)
  3 orc warriors
  4 gnolls (Orc:1)
  6 orcs (Orc:1)
28 creatures vanquished.

Vanquished Creatures (others)
  A stone giant (Vaults:3)
  A yaktaur (Vaults:1)
  A polar bear (Lair:6)
  A jumping spider (Spider:2)
  A redback (Spider:1)
  A tarantella (Spider:3)
  2 orc warriors (Vaults:1)
  A wasp (Swamp:1)
  2 centaurs (Vaults:3)
  2 orcs
  A briar patch (Swamp:4)
  11 fungi
  10 plants
35 creatures vanquished.

Grand Total: 1654 creatures vanquished

Notes
Turn   | Place    | Note
--------------------------------------------------------------
     0 | D:1      | AlphabetPasta the Troll Monk began the quest for the Orb.
     0 | D:1      | Reached XP level 1. HP: 22/22 MP: 0/0
   511 | D:1      | Reached XP level 2. HP: 29/29 MP: 1/1
   891 | D:2      | Noticed Robin
   891 | D:2      | Noticed Jessica
   946 | D:1      | Killed Robin
   946 | D:1      | Reached XP level 3. HP: 36/36 MP: 2/2
   954 | D:1      | Reached skill level 1 in Maces & Flails
  1008 | D:2      | Killed Jessica
  1040 | D:2      | Reached XP level 4. HP: 44/44 MP: 3/3
  1131 | D:2      | Reached skill level 2 in Maces & Flails
  1201 | D:2      | Noticed Natasha
  1207 | D:2      | Killed Natasha
  1252 | D:2      | You fall through a shaft for 2 floors!
  1266 | D:4      | Reached XP level 5. HP: 52/53 MP: 4/4
  1289 | D:4      | Noticed Blork the orc
  1361 | D:4      | Noticed a phantom
  1369 | D:4      | Got a brightly glowing robe
  1412 | D:4      | Found Wiaphefau's Food Shop.
  1421 | D:4      | Killed Blork the orc
  1421 | D:4      | Reached skill level 3 in Maces & Flails
  1428 | D:4      | Killed a phantom
  1428 | D:4      | Reached XP level 6. HP: 61/61 MP: 5/5
  1445 | D:4      | Identified the +1 robe "Usubomn" {+Blink rN+ Str+2 Dex-5} (You found it on level 4 of the Dungeon)
  1534 | D:3      | Found a shadowy altar of Dithmenos.
  1700 | D:2      | Noticed Natasha
  1715 | D:2      | Killed Natasha
  1792 | D:2      | Noticed Natasha
  1803 | D:2      | Killed Natasha
  1894 | D:2      | Found an opulent altar of Gozag.
  1999 | D:2      | Reached skill level 4 in Maces & Flails
  2642 | D:3      | Found a bloodstained altar of Trog.
  2647 | D:3      | Became a worshipper of Trog the Wrathful
  2647 | D:3      | Reached * piety under Trog
  2647 | D:3      | Reached ** piety under Trog
  3112 | D:4      | Reached XP level 7. HP: 61/68 MP: 6/6
  3265 | D:5      | Entered Level 5 of the Dungeon
  3294 | D:4      | Reached skill level 1 in Evocations
  3533 | D:5      | Reached skill level 5 in Maces & Flails
  3618 | D:5      | Reached XP level 8. HP: 70/79 MP: 8/8
  3929 | D:5      | Found an oddly glowing altar of Pakellas.
  4150 | D:6      | Reached *** piety under Trog
  4379 | D:6      | Reached skill level 6 in Maces & Flails
  4384 | D:6      | Reached skill level 5 in Dodging
  4444 | D:6      | Noticed Steelers13's ghost (novice MiBe)
  4510 | D:6      | Killed Steelers13's ghost
  4510 | D:6      | Reached skill level 5 in Fighting
  4510 | D:6      | Reached XP level 9. HP: 88/88 MP: 5/10
  4672 | D:6      | Found a staircase to the Ecumenical Temple.
  5114 | D:6      | Reached skill level 7 in Maces & Flails
  5159 | D:6      | Noticed Eustachio
  5206 | D:6      | Killed Eustachio
  5417 | D:7      | Found a deep blue altar of Sif Muna.
  5479 | D:7      | Found a radiant altar of Vehumet.
  5682 | D:7      | Reached **** piety under Trog
  5809 | D:7      | Found a snail-covered altar of Cheibriados.
  5828 | D:7      | Found a blossoming altar of Fedhas.
  5830 | D:7      | Found a stormy altar of Qazlal.
  6248 | D:8      | Found a burning altar of Makhleb.
  6249 | D:8      | Noticed an Executioner
  6253 | D:8      | Found a glowing silver altar of Zin.
  6253 | D:8      | Noticed an angel
  6376 | D:8      | Reached skill level 8 in Maces & Flails
  6498 | D:8      | Found a staircase to the Lair.
  6570 | D:8      | Noticed Grum
  6760 | D:8      | Noticed Grum
  6760 | D:8      | Grum changed into Grum the warg
  6764 | D:8      | Killed Grum the warg
  6764 | D:8      | Reached XP level 10. HP: 96/98 MP: 10/12
  7588 | D:9      | Noticed Erica
  7605 | D:9      | Killed Erica
  7785 | D:9      | Reached skill level 9 in Maces & Flails
  7987 | D:9      | Found a sacrificial altar of Ru.
  7988 | D:9      | Found a shimmering altar of Xom.
  8198 | D:10     | Entered Level 10 of the Dungeon
  8267 | D:10     | Reached ***** piety under Trog
  8305 | D:10     | Noticed a gargoyle
  8313 | D:10     | Killed a gargoyle
  8347 | D:10     | Noticed a hill giant
  8356 | D:10     | Killed a hill giant
  8356 | D:10     | Reached skill level 5 in Evocations
  8422 | D:10     | Noticed a hill giant
  8431 | D:10     | Killed a hill giant
  8431 | D:10     | Reached skill level 10 in Maces & Flails
  8431 | D:10     | Reached XP level 11. HP: 109/109 MP: 9/13
  8685 | D:10     | Found a staircase to the Orcish Mines.
  8759 | D:10     | Received a gift from Trog
  8998 | Lair:1   | Entered Level 1 of the Lair of Beasts
  9010 | Lair:1   | Found a labyrinth entrance.
  9042 | Lab      | Entered a labyrinth
  9708 | Lab      | Noticed a minotaur
  9717 | Lab      | Killed a minotaur
  9724 | Lab      | Got a dazzling glaive
 10720 | Lair:2   | Noticed a seven-headed hydra
 10722 | Lair:2   | Noticed a six-headed hydra
 10731 | Lair:2   | Killed a six-headed hydra
 10731 | Lair:2   | Reached skill level 11 in Maces & Flails
 10740 | Lair:2   | Killed a seven-headed hydra
 10859 | Lair:2   | Noticed a six-headed hydra
 10868 | Lair:2   | Killed a six-headed hydra
 11100 | Lair:2   | Reached XP level 12. HP: 85/119 MP: 15/15
 11587 | Lair:2   | Received a gift from Trog
 11962 | Lair:3   | Noticed an eight-headed hydra
 11985 | Lair:3   | Killed an eight-headed hydra
 12053 | Lair:3   | Noticed an eight-headed hydra
 12062 | Lair:3   | Killed an eight-headed hydra
 12307 | Lair:3   | Found a basalt altar of Yredelemnul.
 12502 | Lair:3   | Reached skill level 12 in Maces & Flails
 13256 | Lair:4   | Got a translucent arbalest
 13257 | Lair:4   | Identified the +5 arbalest "Ido Poled" {flame, *Contam rF+ rN+ Str+2} (You found it on level 4 of the Lair of Beasts)
 13290 | Lair:4   | Noticed Snorg
 13302 | Lair:4   | Killed Snorg
 13567 | Lair:4   | Found a hole to the Spider Nest.
 13573 | Lair:4   | Received a gift from Trog
 14453 | Lair:5   | Found a staircase to the Swamp.
 14678 | Lair:6   | Found a frozen archway.
 14680 | Lair:6   | Noticed an ice dragon
 14738 | Lair:6   | Killed an ice dragon
 14738 | Lair:6   | Reached XP level 13. HP: 19/130 MP: 1/17
 14891 | IceCv    | Entered an ice cave
 15200 | IceCv    | Reached skill level 13 in Maces & Flails
 15241 | IceCv    | Reached ****** piety under Trog
 15441 | IceCv    | Received a gift from Trog
 15466 | IceCv    | Got a brightly glowing giant club {god gift}
 15571 | IceCv    | Identified the +5 giant club of Duicudad {holy, rC+ rN++} (Trog gifted it to you in an ice cave)
 15641 | IceCv    | Noticed a frost giant
 15647 | IceCv    | Killed a frost giant
 16438 | Lair:6   | Got a creamy pearl robe
 16449 | Lair:6   | Identified the +1 robe of Zin's Hatred {rN+ Str+5 Int+5} (You found it on level 6 of the Lair of Beasts)
 17070 | Lair:7   | Found a staircase to the Slime Pits.
 17122 | Lair:7   | Reached skill level 1 in Armour
 17482 | Lair:7   | Reached skill level 10 in Dodging
 17491 | Lair:7   | Reached XP level 14. HP: 141/141 MP: 15/19
 17495 | Lair:7   | Reached skill level 14 in Maces & Flails
 17499 | Lair:7   | Received a gift from Trog
 17809 | Lair:8   | Entered Level 8 of the Lair of Beasts
 18233 | Lair:8   | Reached skill level 10 in Fighting
 18465 | Lair:8   | Received a gift from Trog
 18575 | Lair:8   | Got a warped giant spiked club {god gift}
 18576 | Lair:8   | Identified the +5 giant spiked club "Ypiulu Lago" {flame, rPois rF+ Int+2} (Trog gifted it to you on level 8 of the Lair of Beasts)
 19015 | Lair:8   | Identified the Incunabulum of the Birds
 19427 | Lair:6   | Received a gift from Trog
 19427 | Lair:6   | Reached skill level 15 in Maces & Flails
 19446 | Lair:6   | Got a slimy giant spiked club {god gift}
 19447 | Lair:6   | Identified the +5 giant spiked club "Saskanin" {crush, *Rage +Inv rElec} (Trog gifted it to you on level 6 of the Lair of Beasts)
 19662 | Orc:1    | Entered Level 1 of the Orcish Mines
 19662 | Orc:1    | Noticed a stone giant
 19739 | Orc:1    | Killed a stone giant
 19896 | Orc:1    | Found a roughly hewn altar of Beogh.
 19952 | Orc:1    | Noticed a stone giant
 19969 | Orc:1    | Killed a stone giant
 20496 | Orc:2    | Entered Level 2 of the Orcish Mines
 20564 | Orc:2    | Found a staircase to the Elven Halls.
 20623 | Orc:2    | Received a gift from Trog
 20680 | Orc:2    | Reached XP level 15. HP: 143/152 MP: 18/20
 21356 | Orc:2    | Found Hetsigiu's Antique Armour Shop.
 21356 | Orc:2    | Found Iclovver's Magic Scroll Emporium.
 21372 | Orc:2    | Found Nulo's Book Shop.
 21372 | Orc:2    | Found Qatocrurr's Magic Scroll Emporium.
 21382 | Orc:2    | Bought a scroll of identify for 28 gold pieces
 21385 | Orc:2    | Bought a scroll of holy word for 105 gold pieces
 21385 | Orc:2    | Bought a scroll of enchant armour for 105 gold pieces
 21385 | Orc:2    | Bought a scroll of identify for 28 gold pieces
 21698 | Swamp:1  | Entered Level 1 of the Swamp
 21768 | Swamp:1  | Received a gift from Trog
 21848 | Spider:1 | Entered Level 1 of the Spider Nest
 21873 | Spider:1 | Reached skill level 5 in Armour
 22083 | Spider:1 | HP: 5/153 [demonic crawler (8)]
 23009 | Swamp:2  | Reached skill level 16 in Maces & Flails
 23345 | Swamp:2  | Identified a scroll of acquirement
 23960 | Swamp:3  | Received a gift from Trog
 24390 | Swamp:4  | Entered Level 4 of the Swamp
 24499 | Swamp:4  | Noticed a thorn hunter
 24510 | Swamp:4  | Killed a thorn hunter
 24622 | Swamp:4  | Reached XP level 16. HP: 118/165 MP: 19/21
 24654 | Swamp:4  | Noticed a thorn hunter
 24676 | Swamp:4  | HP: 8/165 [poisoned by a spiny frog]
 24691 | Swamp:4  | Killed a thorn hunter
 24844 | Swamp:4  | Noticed a thorn hunter
 25236 | Swamp:4  | Reached skill level 17 in Maces & Flails
 25308 | Swamp:4  | Got a decaying rune of Zot
 25678 | D:8      | Received a gift from Trog
 26035 | D:11     | Reached skill level 1 in Throwing
 26098 | D:11     | Found a flagged portal.
 26134 | Bailey   | Entered a bailey
 26153 | Bailey   | Noticed Hometown's ghost (novice MiGl)
 26180 | Bailey   | Killed Hometown's ghost
 27045 | D:12     | Found Nipicise's General Store.
 27665 | D:13     | Received a gift from Trog
 27808 | D:13     | Noticed Urug
 27817 | D:13     | Killed Urug
 27830 | D:13     | Found a shimmering altar of Xom.
 27867 | D:13     | Received a gift from Trog
 27910 | D:13     | Noticed Azrael
 27926 | D:13     | Killed Azrael
 28019 | D:13     | Found a shimmering altar of Xom.
 28020 | D:13     | Found a shimmering altar of Xom.
 28151 | D:13     | You fall through a shaft!
 28486 | D:14     | Found a gate to the Vaults.
 28486 | D:14     | Noticed Donald
 28486 | D:14     | Noticed Norris
 28530 | D:14     | Killed Norris
 28534 | D:14     | HP: 6/247 [Donald/double sword (11)]
 28537 | D:14     | HP: 2/247 [human (2)]
 28618 | D:13     | Killed Donald
 28714 | D:13     | Reached skill level 5 in Throwing
 29574 | D:14     | Found a sacrificial altar of Ru.
 29622 | D:15     | Entered Level 15 of the Dungeon
 30083 | D:15     | Reached XP level 17. HP: 172/172 MP: 22/22
 30235 | D:15     | Found a staircase to the Depths.
 30470 | D:15     | Received a gift from Trog
 30641 | Vaults:1 | Entered Level 1 of the Vaults
 30764 | Vaults:1 | Gained mutation: Your spells are a little harder to cast, but a little more powerful. [potion of beneficial mutation]
 30853 | Vaults:1 | Received a gift from Trog
 31115 | Vaults:1 | Reached skill level 18 in Maces & Flails
 31372 | Vaults:1 | HP: 6/175 [vault warden/long sword (27)]
 31859 | Spider:1 | Received a gift from Trog
 32528 | Spider:2 | Received a gift from Trog
 33545 | Spider:3 | Reached XP level 18. HP: 181/184 MP: 3/23
 33591 | Spider:3 | Received a gift from Trog
 34010 | Spider:4 | Entered Level 4 of the Spider Nest
 34348 | Spider:4 | Received a gift from Trog
 34831 | Spider:4 | Reached skill level 19 in Maces & Flails
 34841 | Spider:4 | Received a gift from Trog
 35043 | Spider:4 | Received a gift from Trog
 35077 | Spider:4 | Got a dazzling giant club {god gift}
 35078 | Spider:4 | Identified the +10 giant club "Nanwim" {venom, MP-9 Str+7} (Trog gifted it to you on level 4 of the Spider Nest)
 35167 | Spider:4 | Reached skill level 10 in Armour
 35510 | Spider:4 | Got a gossamer rune of Zot
 36443 | Vaults:1 | HP: 8/187 [deep troll (glowing shapeshifter) (2)]
 36606 | Vaults:1 | Received a gift from Trog
 37115 | Vaults:2 | Noticed Asterion
 37123 | Vaults:2 | Killed Asterion
 37358 | Vaults:2 | Received a gift from Trog
 37367 | Vaults:2 | Reached XP level 19. HP: 193/196 MP: 13/24
 37436 | Vaults:2 | Found Gozag's Assorted Antiques.
 37632 | Vaults:2 | Found an opulent altar of Gozag.
 37632 | Vaults:2 | Found Gozag's Assorted Antiques.
 37638 | Vaults:2 | Bought a scroll labeled HUDGHE VOT QUYG for 100 gold pieces
 37652 | Vaults:2 | Found Gozag's Antique Armour Shoppe.
 37860 | Vaults:2 | Found a staircase to the Crypt.
 37860 | Vaults:2 | Found an ancient bone altar of Kikubaaqudgha.
 37861 | Vaults:2 | Found a basalt altar of Yredelemnul.
 37888 | Vaults:2 | Reached skill level 20 in Maces & Flails
 38133 | Vaults:2 | Received a gift from Trog
 38354 | Vaults:2 | Found Babethus's Weapon Shoppe.
 38954 | Vaults:3 | Received a gift from Trog
 39258 | Vaults:3 | Noticed Mara
 39487 | Vaults:3 | Received a gift from Trog
 39493 | Vaults:3 | Got a brightly glowing giant club {god gift}
 39494 | Vaults:3 | Identified the +3 giant club of Apsecrui {drain, Dex+3} (Trog gifted it to you on level 3 of the Vaults)
 40123 | Vaults:3 | Noticed AlphabetPasta's illusion
 40145 | Vaults:3 | Killed from afar by Mara (illusionary)

Vault maps used:
D:1:      saegor_arrival_fortress
D:2:      grunt_gozag_statues, uniq_robin, uniq_jessica, uniq_natasha
D:3:      lightli_temple_of_fire, nicolae_overflow_crystal_walls
D:4:      serial_shops, nicolae_shop_waterfront, first_bread, uniq_blork_the_orc
D:5:      old_standard_altar, kennysheep_generic_room_3
D:6:      minmay_temple_entry_junction, st_stairs_9,
          hangedman_decor_diamond_cutter, uniq_eustachio
D:7:      grunt_temple_overflow_forces_of_nature, lemuel_blue_sif_altar,
          kennysheep_mini, vehumet_altar_wand_db
D:8:      grunt_temple_overflow_order_and_chaos_2, dpeg_oklobed_lair, uniq_grum
D:9:      gammafunk_temple_overflow_pools, minivault_25, uniq_erica
D:10:     erik_orc_1
D:11:     enter_bailey_1, kennysheep_generic_room_15
D:12:     serial_shops, shop_statue, hangedman_tell_no_tales
D:13:     xom_redecorated, uniq_azrael, uniq_urug
D:14:     david_vaults_3, eino_curves_01, lemuel_oklob_altar
D:15:     grunt_enter_depths_snipers, moated_statue
Lair:1:   lab_entry_generic, st_stairs_3, columned_hall_lemuel
Lair:2:   beast_lair_carwin_large_4, wad_woods_03
Lair:3:   basic_altar, st_stairs_6
Lair:4:   spider_nest_entry_a, lemuel_fruit_fields, grunt_megastairs_4,
          infiniplex_staircase_pool, uniq_snorg
Lair:5:   swamp_mist
Lair:6:   portal_ice_cave_entry_animals_and_master
Lair:7:   minmay_slime_entry_jelly_boxes, st_stairs_5, bh_autumn_forest_stairs
Lair:8:   minmay_lair_end_frog_pond, zaba_anthell
Swamp:1:  evilmike_swamp_ruin_house_4
Swamp:2:  serial_swamp_ruin, evilmike_swamp_ruin_house_3,
          evilmike_swamp_ruin_house_6, hangedman_swamp_ruin_wall
Swamp:3:  evilmike_swamp_ruin_house_2, swamp_pool4
Swamp:4:  swamp
Spider:2: nicolae_spider_stair_cavern
Spider:4: grunt_spider_rune_parallel
Orc:1:    minmay_goldmine, basic_altar
Orc:2:    grunt_orc_tribal_feast
Vaults:1: v_misc_26, ontoclasm_vaults_misaligned,
          nicolae_vaults_little_squares_6, vaults_mumra_hex,
          nicolae_vaults_windows_and_doors_thing, vaults_room_ringed_pool,
          v_misc_3, vaults_standard_mumra_lines, st_eye, v_misc_13, v_misc_2,
          vaults_mumra_chevron_long, nicolae_vaults_diagonal_hallway_7,
          nicolae_vaults_little_squares_3
Vaults:2: v_misc_17, v_misc_29, vaults_room_semicircle, v_alt_pattern_5,
          kennysheep_vaults_gozag_temple, v_misc_5, vaults_dpeg_encased_lava,
          ontoclasm_vaults_misaligned, minmay_crypt_entry_necro_gods,
          hangedman_vaults_stretched_pinwheel, ontoclasm_vaults_decontamination,
          v_rooms_4, ontoclasm_vaults_misaligned,
          nicolae_vaults_little_squares_2, v_pattern_4, serial_shops, shop,
          uniq_asterion
Vaults:3: nicolae_vaults_shelves_hall, vaults_dpeg_diagonal,
          ontoclasm_vaults_twist, nicolae_vaults_little_ls, v_rooms_5,
          vaults_room_hallway, uniq_mara
Lab:      labyrinth_watery
Bailey:   bailey_axe_4, bailey
IceCv:    ice_cave_caverns_01

Skill      XL: |  1  2  3  4  5  6  7  8  9 10 11 12 13 14 15 16 17 18 19 |
---------------+----------------------------------------------------------+-----
Maces & Flails | 1 2 3 4 5 6 8 10 11 12 13 15 16 17 18 19 20 | 20.5
Fighting       | 3 4 5 6 7 8 9 10 11 12 13 14 | 14.2
Dodging        | 3 4 5 6 7 8 9 10 | 10.4
Evocations     | 1 2 4 5 6 7 8 |  8.1
Armour         | 1 4 6 8 9 10 11 | 11.5
Throwing       | 5 7 8 |  8.0
Stealth        | |  1.1
Unarmed Combat | |  4.3

Action                   |  1- 3 |  4- 6 |  7- 9 | 10-12 | 13-15 | 16-18 | 19-21 || total
-------------------------+-------+-------+-------+-------+-------+-------+-------++-------
Melee: Unarmed           |    79 |    78 |       |       |       |       |       ||   157
       Punch             |     2 |     6 |     3 |     6 |     7 |       |       ||    24
       Morningstar       |       |   196 |   175 |   392 |   230 |       |       ||   993
       Mace              |       |    12 |       |       |       |       |       ||    12
       Dire flail        |       |       |   225 |   590 |       |       |       ||   815
       Giant club        |       |       |       |       |   465 |   146 |    36 ||   647
       Giant spiked club |       |       |       |       |   680 |  1219 |   287 ||  2186
Throw: Tomahawk          |       |       |       |       |       |   365 |       ||   365
       Large rock        |       |       |       |       |       |    56 |    56 ||   112
Invok: Berserk           |       |       |     2 |    12 |    12 |     6 |       ||    32
       Burn Spellbooks   |       |       |     1 |     3 |     3 |     5 |       ||    12
       Brothers in Arms  |       |       |       |     1 |     1 |     3 |     2 ||     7
       Trog's Hand       |       |       |       |       |       |     9 |     1 ||    10
 Abil: Evoke Blink       |       |       |     1 |       |       |       |       ||     1
       Evoke Flight      |       |       |       |       |       |     2 |       ||     2
       Evoke Invisibilit |       |       |       |       |       |       |     1 ||     1
Evoke: Wand              |       |     5 |     4 |     2 |     6 |    20 |     3 ||    40
  Use: Scroll            |       |       |    21 |     8 |    10 |    13 |     3 ||    55
       Potion            |       |       |     1 |     5 |     3 |    12 |     4 ||    25
 Stab: Sleeping          |     1 |       |     1 |     3 |       |       |       ||     5
       Invisible         |       |       |       |       |       |     4 |     3 ||     7
       Distracted        |       |       |       |       |       |     1 |       ||     1
  Eat: Chunk             |    15 |    19 |    37 |    89 |   107 |   142 |    26 ||   435
       Pizza             |       |       |       |     1 |       |       |       ||     1
       Royal jelly       |       |       |       |       |     1 |     1 |       ||     2
       Fruit             |       |       |       |       |       |     2 |       ||     2
Armor: Robe              |    29 |   154 |   201 |   453 |       |       |       ||   837
       Skin              |       |     4 |       |       |       |       |       ||     4
       Ice dragon hide   |       |       |       |       |   134 |       |       ||   134
       Ice dragon armour |       |       |       |       |   669 |  1122 |   189 ||  1980
Dodge: Dodged            |    56 |   171 |   262 |   492 |   888 |  1077 |   231 ||  3177
